 Dungeon Crawl Stone Soup version 0.21-a0-552-g593960d (webtiles) character file.

194 tidbits the Caller (level 5, -17/37 HPs)
             Began as a Gnoll Summoner on Dec 17, 2017.
             Demolished by an ogre
             ... wielding a +0 giant club
              (28 damage)
             ... on level 4 of the Dungeon.
             The game lasted 00:05:45 (760 turns).

tidbits the Caller (Gnoll Summoner)                  Turns: 760, Time: 00:05:45

Health: -17/37     AC:  4    Str: 10    XL:     5   Next: 73%
Magic:  4/12       EV: 15    Int: 18    God:
Gold:   42         SH:  0    Dex: 16    Spells: 10/14 levels left

rFire    . . .     SeeInvis .   a - +4 dagger
rCold    + . .     Gourm    +   (no shield)
rNeg     . . .     Faith    .   d - +0 robe
rPois    .         Spirit   .   E - +0 helmet
rElec    .         Reflect  .   (no cloak)
rCorr    .         Harm     .   G - +0 pair of gloves
MR       .....                  (no boots)
Stlth    +++.......             r - amulet of the gourmand
HPRegen  0.12/turn              s - ring of protection from cold
MPRegen  0.13/turn              (no ring)

@: no status effects
A: distributed training, fangs 1, strong nose
a: no special abilities


You were on level 4 of the Dungeon.
You were not hungry.

You visited 1 branch of the dungeon, and saw 4 of its levels.

You collected 42 gold pieces.

Inventory:

Hand Weapons
 a - a +4 dagger (weapon)
 k - a cursed -3 scythe
 p - a cursed -1 flail
Missiles
 h - 46 stones (quivered)
 o - 25 arrows
Armour
 d - a +0 robe (worn)
 n - a +0 buckler
 E - a +0 helmet (worn)
 G - a +0 pair of gloves (worn)
Jewellery
 r - an amulet of the gourmand (around neck)
   (You found it on level 4 of the Dungeon)
 s - a ring of protection from cold (left hand)
   (You found it on level 4 of the Dungeon)
Scrolls
 e - a scroll of blinking {unknown}
 f - a scroll of noise {unknown}
 g - 4 scrolls of identify {unknown}
 l - a scroll of teleportation {unknown}
Potions
 i - a potion of flight
 j - a potion of magic
 m - a potion of curing
 q - a potion of mutation {unknown}
Books
 b - a book of Callings

   Spells                             Type                      Level
   a - Summon Small Mammal            Summoning                    1
   b - Call Imp                       Summoning                    2
   c - Call Canine Familiar           Summoning                    3
   d - Summon Guardian Golem          Hexes/Summoning              3
   e - Summon Lightning Spire         Summoning/Air                4
   f - Summon Ice Beast               Ice/Summoning                4
Comestibles
 c - 2 bread rations


   Skills:
 + Level 1.6 Fighting
 + Level 1.6 Short Blades
 + Level 1.6 Long Blades
 + Level 1.6 Axes
 + Level 1.6 Maces & Flails
 + Level 1.6 Polearms
 + Level 1.6 Staves
 + Level 1.6 Slings
 + Level 1.6 Bows
 + Level 1.6 Crossbows
 + Level 1.6 Throwing
 + Level 1.6 Armour
 + Level 4.8 Dodging
 + Level 4.4 Stealth
 + Level 1.6 Shields
 + Level 1.6 Unarmed Combat
 + Level 5.2 Spellcasting
 + Level 1.2 Conjurations
 + Level 1.2 Hexes
 + Level 1.2 Charms
 + Level 7.2 Summonings
 + Level 1.2 Necromancy
 + Level 1.2 Translocations
 + Level 1.2 Transmutations
 + Level 1.2 Fire Magic
 + Level 1.2 Ice Magic
 + Level 1.2 Air Magic
 + Level 1.2 Earth Magic
 + Level 1.2 Poison Magic
 + Level 1.8 Invocations
 + Level 1.6 Evocations


You had 10 spell levels left.
You knew the following spells:

 Your Spells              Type           Power        Failure   Level  Hunger
a - Summon Small Mammal   Summ           ####         1%          1    None
c - Call Canine Familiar  Summ           ####....     1%          3    ##.....


Dungeon Overview and Level Annotations

Branches:
Dungeon (4/15)
 Temple: D:4-7

Altars:
Dithmenos
Gozag
Hepliaklqana
Ru
Trog
Yredelemnul

Annotations:
D:4 Natasha, Robin


Innate Abilities, Weirdness & Mutations

Your experience applies equally to all skills.
You have very sharp teeth.
Your uncanny sense of smell can sniff out nearby items.


Message History

Your hound resists with significant effort.
Your hound bites Natasha.
Your hound closely misses Natasha.
Natasha claws your hound.
Your hound bites Natasha.
Natasha mewls in sadness.
Natasha stares at you and mumbles some strange words.
Your hound seems to slow down.
Your hound bites Natasha.
The jackal misses you.
Found a leather armour and 11 gold pieces.
Found a stone staircase leading down.
The jackal misses you. Something claws your hound.
Found a dented jade amulet.
A leopard gecko comes into view.
Found 18 gold pieces, a pair of gloves and a scratched agate ring.
Found 16 gold pieces.
Found an opulent altar of Gozag.
Something hits your hound.
Your hound dies!
Your hound's corpse disappears in a puff of smoke!
You see here a dented jade amulet.
r - a dented jade amulet The jackal closely misses you.
A dart slug comes into view.
The jackal closely misses you. The jackal misses you.
You see here a scratched agate ring.
s - a scratched agate ring The jackal bites you but does no damage. x2
The jackal misses you. The dart slug launches a dart at you.
The slug dart hits you!
* * * LOW HITPOINT WARNING * * *
The jackal bites you but does no damage.
The jackal closely misses you.
Found a bread ration.
The dart slug bites you.
* * * LOW HITPOINT WARNING * * *
Casting: Call Canine Familiar
Confirm with . or Enter, or press ? or * to list all spells.
The dart slug launches a dart at you. The slug dart hits you!
* * * LOW HITPOINT WARNING * * *
The jackal bites you but does no damage.
The jackal closely misses you.
You hit the dart slug.
The dart slug is heavily wounded.
The orc wizard gestures wildly while chanting.
The orc wizard blinks!
The jackal barely misses you.
Your hound bites the dart slug.
The dart slug dies!
The jackal misses you.
The jackal bites you but does no damage.
The jackal closely misses you.
Found a shadowy altar of Dithmenos.
An orc comes into view. It is wielding a club.
Your hound barely misses the jackal.
The jackal closely misses you.
The orc wizard casts a spell.
The orc wizard blinks!
An orc wizard comes into view. It is wielding a dagger of draining.
The orc shouts!
The orc wizard shouts!
You hear an angry hiss.
Your hound bites the jackal. x2
Found a scroll labeled XOQOICEHIE and a scroll labeled MIASAO VICWAO.
Your hound misses the jackal.
The jackal bites you but does no damage.
You hit the jackal. You bite the jackal, but do no damage.
The jackal is severely wounded.
Your hound bites the jackal.
The jackal closely misses you.
You hit the jackal.
You kill the jackal!
Your hound barely misses the jackal.
The jackal closely misses your hound.
Your hound bites the jackal.
The jackal dies!
A quokka skeleton comes into view.
Casting: Call Canine Familiar
Confirm with . or Enter, or press ? or * to list all spells.
Something hits your rat.
Your hound misses the jackal.
The jackal bites you but does no damage.
Your hound barely misses the jackal.
The jackal barely misses you.
Your rat barely misses the jackal.
You closely miss the jackal. You bite the jackal.
The jackal is severely wounded.
Your hound bites the jackal.
The orc wizard hits your rat with a dagger of draining.
Your rat dies!
Your rat's corpse disappears in a puff of smoke!
The jackal bites your hound. The ogre closely misses your hound.
Put on which piece of jewellery? (? for menu, Esc to quit)
You feel a craving for the dungeon's cuisine.
r - an amulet of the gourmand (around neck)
Your hound bites the jackal.
The jackal dies!
Put on which piece of jewellery? (? for menu, Esc to quit)
s - a ring of protection from cold (left hand)
Your hound bites the ogre.
Casting: Summon Small Mammal
Confirm with . or Enter, or press ? or * to list all spells.
The orc wizard misses your hound.
Your hound barely misses the ogre.
The ogre hits you with a giant club!!
Ouch! That really hurt!
You die...

..#####...# ##. ..
..##......# #.. .?.
..##.....ยง## #.#
##.## #.......#####.#
?....
#.....#....##.#...o..
#.#.#.####...l#....o.
#.._..# ###rho..._..
#.#.#.# ##O#.%...
#.....# #@# .... # #
## #.# .. #.# #.. ##.
.. .. ...


You could see an ogre, an orc wizard, a leopard gecko, a friendly hound and a
friendly quokka.

Vanquished Creatures
  Sigmund (D:3)
  An adder (D:3)
  3 giant cockroaches
  4 goblins
  A hobgoblin (D:2)
  A jackal (D:4)
  3 kobolds
  A quokka (D:3)
  A bat (D:3)
16 creatures vanquished.

Vanquished Creatures (collateral kills)
  An orc wizard (D:4)
  A dart slug (D:4)
  2 goblins
  2 jackals (D:4)
  2 bats
  A frilled lizard (D:3)
9 creatures vanquished.

Grand Total: 25 creatures vanquished

Notes
Turn   | Place    | Note
-------+----------+-------------------------------------------
     0 | D:1      | tidbits the Gnoll Summoner began the quest for the Orb.
     0 | D:1      | Reached XP level 1. HP: 13/13 MP: 6/6
   164 | D:1      | Reached XP level 2. HP: 18/19 MP: 7/7
   275 | D:2      | Found a bloodstained altar of Trog.
   303 | D:2      | Found a faded altar of an unknown god.
   383 | D:3      | Found a sacrificial altar of Ru.
   442 | D:3      | Reached XP level 3. HP: 15/25 MP: 7/9
   447 | D:3      | Learned a level 3 spell: Call Canine Familiar
   487 | D:3      | Found a hazy altar of Hepliaklqana.
   491 | D:3      | Reached skill level 5 in Spellcasting
   608 | D:3      | Noticed Sigmund
   640 | D:3      | Killed Sigmund
   640 | D:3      | Reached skill level 1 in Fighting
   640 | D:3      | Reached skill level 1 in Short Blades
   640 | D:3      | Reached skill level 1 in Long Blades
   640 | D:3      | Reached skill level 1 in Axes
   640 | D:3      | Reached skill level 1 in Maces & Flails
   640 | D:3      | Reached skill level 1 in Polearms
   640 | D:3      | Reached skill level 1 in Staves
   640 | D:3      | Reached skill level 1 in Slings
   640 | D:3      | Reached skill level 1 in Bows
   640 | D:3      | Reached skill level 1 in Crossbows
   640 | D:3      | Reached skill level 1 in Throwing
   640 | D:3      | Reached skill level 1 in Armour
   640 | D:3      | Reached skill level 1 in Shields
   640 | D:3      | Reached skill level 1 in Unarmed Combat
   640 | D:3      | Reached skill level 1 in Conjurations
   640 | D:3      | Reached skill level 1 in Hexes
   640 | D:3      | Reached skill level 1 in Charms
   640 | D:3      | Reached skill level 1 in Necromancy
   640 | D:3      | Reached skill level 1 in Translocations
   640 | D:3      | Reached skill level 1 in Transmutations
   640 | D:3      | Reached skill level 1 in Fire Magic
   640 | D:3      | Reached skill level 1 in Ice Magic
   640 | D:3      | Reached skill level 1 in Air Magic
   640 | D:3      | Reached skill level 1 in Earth Magic
   640 | D:3      | Reached skill level 1 in Poison Magic
   640 | D:3      | Reached skill level 1 in Invocations
   640 | D:3      | Reached skill level 1 in Evocations
   640 | D:3      | Reached XP level 4. HP: 11/32 MP: 7/11
   640 | D:3      | Reached XP level 5. HP: 13/37 MP: 7/12
   692 | D:4      | Noticed Robin
   706 | D:4      | Found a basalt altar of Yredelemnul.
   707 | D:4      | Noticed an ogre
   713 | D:4      | Noticed Natasha
   736 | D:4      | Found an opulent altar of Gozag.
   749 | D:4      | Found a shadowy altar of Dithmenos.
   760 | D:4      | Demolished by an ogre

Vault maps used:
D:1:      mrwooster_arrival_statue
D:2:      kennysheep_big_flooded_room, overflow_temple_1_default,
          old_standard_altar, chequers_ecumenical_altar_simple_redux
D:3:      nicolae_ru_path_of_blood, lemuel_doored_altar,
          nicolae_overflow_crystal_walls, first_bread, uniq_ijyb, uniq_sigmund
D:4:      lemuel_crystal_altar, lemuel_crystal_altar, old_standard_altar,
          serial_shops, shop_scrolls, uniq_menkaure, uniq_natasha, uniq_robin

Skill      XL: |  1  2  3 |
---------------+----------+-----
Spellcasting   | 5 |  5.2
Fighting       | 1 |  1.6
Short Blades   | 1 |  1.6
Long Blades    | 1 |  1.6
Axes           | 1 |  1.6
Maces & Flails | 1 |  1.6
Polearms       | 1 |  1.6
Staves         | 1 |  1.6
Slings         | 1 |  1.6
Bows           | 1 |  1.6
Crossbows      | 1 |  1.6
Throwing       | 1 |  1.6
Armour         | 1 |  1.6
Shields        | 1 |  1.6
Unarmed Combat | 1 |  1.6
Conjurations   | 1 |  1.2
Hexes          | 1 |  1.2
Charms         | 1 |  1.2
Necromancy     | 1 |  1.2
Translocations | 1 |  1.2
Transmutations | 1 |  1.2
Fire Magic     | 1 |  1.2
Ice Magic      | 1 |  1.2
Air Magic      | 1 |  1.2
Earth Magic    | 1 |  1.2
Poison Magic   | 1 |  1.2
Invocations    | 1 |  1.8
Evocations     | 1 |  1.6
Dodging        | |  4.8
Stealth        | |  4.4
Summonings     | |  7.2

Action                   |  1- 3 |  4- 6 || total
-------------------------+-------+-------++-------
Melee: Dagger            |    57 |     6 ||    63
       Bite              |     4 |     2 ||     6
 Cast: Summon Small Mamm |    11 |     3 ||    14
       Call Canine Famil |     1 |     4 ||     5
  Use: Potion            |     4 |       ||     4
 Stab: Sleeping          |     2 |       ||     2
  Eat: Royal jelly       |     1 |       ||     1
Armor: Robe              |    15 |     7 ||    22
Dodge: Dodged            |    46 |    21 ||    67

Table legend:
 A = Spawn XP
 B = Non-spawn XP
 C = Spawn XP percentage of total XP
 D = Spawn monster count
 E = Non-spawn monster count
 F = Spawn count percentage of total count
 G = Total turns spent on level
                    A         B        C        D         E        F      G
               +---------+---------+-------+---------+---------+-------+---------
         Total |       0 |     278 |   0.0 |       0 |      25 |   0.0 |   760
               +---------+---------+-------+---------+---------+-------+---------
           D:1 |       0 |      14 |   0.0 |       0 |       8 |   0.0 |   245
           D:2 |       0 |       5 |   0.0 |       0 |       3 |   0.0 |   108
           D:3 |       0 |     223 |   0.0 |       0 |       8 |   0.0 |   339
           D:4 |       0 |      36 |   0.0 |       0 |       6 |   0.0 |    68
               +---------+---------+-------+---------+---------+-------+---------

Table legend:
 A = Turns spent in this place as a percentage of turns spent in the entire game.
 B = Non-inter-level travel turns spent in this place as a percentage of non-inter-level travel turns spent in the entire game.
 C = Inter-level travel turns spent in this place as a percentage of turns spent in this place.
 D = Turns resting spent in this place as a percentage of non-inter-level travel turns spent in this place.
 E = Turns spent auto-exploring this place as a percentage of non-inter-level travel turns spent in this place.
 F = Non-inter-level travel turns spent in this place divided by the number of levels of this place that you've seen.
                   A       B       C       D       E      F
               +-------+-------+-------+-------+-------+----------------------
         Total | 100.0 | 100.0 |   0.0 |   0.0 |   0.0 | 190.0
       Dungeon | 100.0 | 100.0 |   0.0 |   0.0 |   0.0 | 190.0
               +-------+-------+-------+-------+-------+----------------------

Table legend:
 A = Kills in this place as a percentage of kills in entire the game.
 B = Kills by you in this place as a percentage of kills by you in the entire game.
 C = Kills by friends in this place as a percentage of kills by friends in the entire game.
 D = Other kills in this place as a percentage of other kills in the entire game.
 E = Experience gained in this place as a percentage of experience gained in the entire game.
 F = Experience gained in this place divided by the number of levels of this place that you have seen.
                   A       B       C       D       E      F
               +-------+-------+-------+-------+-------+----------------------
         Total | 100.0 | 100.0 | 100.0 |   N/A | 100.0 |  69.5
       Dungeon | 100.0 | 100.0 | 100.0 |   N/A | 100.0 |  69.5
               +-------+-------+-------+-------+-------+----------------------

Vault maps used:
D:1:      mrwooster_arrival_statue
D:2:      kennysheep_big_flooded_room, overflow_temple_1_default,
          old_standard_altar, chequers_ecumenical_altar_simple_redux
D:3:      nicolae_ru_path_of_blood, lemuel_doored_altar,
          nicolae_overflow_crystal_walls, first_bread, uniq_ijyb, uniq_sigmund
D:4:      lemuel_crystal_altar, lemuel_crystal_altar, old_standard_altar,
          serial_shops, shop_scrolls, uniq_menkaure, uniq_natasha, uniq_robin
